 Dungeon Crawl Stone Soup version 0.23.2-33-g5129a83 (webtiles) character file.

Game seed: 8349782705521552536

83 datjocko the Bolt Thrower (level 4, 0/25 HPs)
             Began as a Kobold Arcane Marksman on July 16, 2019.
             Slain by an adder (3 damage)
             ... on level 4 of the Dungeon.
             The game lasted 00:19:10 (2070 turns).

datjocko the Bolt Thrower (Kobold Arcane Marksman)  Turns: 2070, Time: 00:19:12

Health: 0/25       AC:  2    Str:  7    XL:     4   Next: 71%
Magic:  5/5        EV: 15    Int: 14    God:
Gold:   139        SH:  0    Dex: 16    Spells: 4/5 levels left

rFire    . . .     SeeInvis .   a - +1 hand crossbow
rCold    . . .     Gourm    .   (shield restricted)
rNeg     . . .     Faith    .   e - +0 robe
rPois    .         Spirit   .   (no helmet)
rElec    .         Reflect  .   (no cloak)
rCorr    .         Harm     .   (no gloves)
MR       .....                  (no boots)
Stlth    ++........             (no amulet)
HPRegen  0.08/turn              (no ring)
MPRegen  0.09/turn              (no ring)

@: lethally poisoned (0 -> -3)
A: small, carnivore
a: no special abilities


You were on level 4 of the Dungeon.
You were not hungry.

You visited 1 branch of the dungeon, and saw 4 of its levels.

You collected 139 gold pieces.

Inventory:

Hand Weapons
 a - a +1 hand crossbow (weapon)
 l - a +0 dagger
Missiles
 g - 117 stones (quivered)
 j - 2 tomahawks of returning
 k - 23 poisoned needles
 n - 15 sling bullets
Armour
 e - a +0 robe (worn)
 p - a +0 helmet
 v - a +2 leather armour of fire resistance
Jewellery
 h - a cursed ring of attention
Scrolls
 m - a scroll of teleportation
 o - a scroll of blinking
 r - 2 scrolls of enchant weapon
Potions
 c - a potion of mutation
 i - a potion of agility
 s - a potion of cancellation {unknown}
Comestibles
 f - 4 rations


   Skills:
 - Level 1.1 Fighting
 + Level 4.3 Crossbows
 - Level 2.6 Dodging
 * Level 0.9 Stealth
 - Level 1.1 Spellcasting
 * Level 3.8 Hexes


You had 4 spell levels left.
You knew the following spells:

 Your Spells              Type           Power        Failure   Level  Hunger
a - Corona                Hex            ##.....      5%          1    ##.....

Your spell library contained the following spells:

 Spells                   Type           Power        Failure   Level  Hunger
 Slow                     Hex            ##......     9%          2    ###....
 Inner Flame              Hex/Fire       #.......     34%         3    ####...
 Portal Projectile        Hex/Tloc       #.....       34%         3    ####...
 Cause Fear               Hex            ##........   47%         4    #####..
 Leda's Liquefaction      Hex/Erth       #.........   75%         4    #####..


Dungeon Overview and Level Annotations

Branches:
Dungeon (4/15)
 Temple: D:4-7

Altars:


Innate Abilities, Weirdness & Mutations

You are small and have problems with some larger weapons.
You are carnivorous and can eat meat at any time.


Message History

You feel sick. The bat barely misses you. The adder barely misses you.
You climb downwards.
You hear the sound of rushing water.
There is an entrance to a sewer on this level.
Hurry and find it before the portal rusts away!
Found 15 gold pieces.
There is a stone staircase leading up here.
Firing (i - inventory. (/) - cycle)
d - 2 bolts (quivered)
Press: ? - help, Shift-Dir - straight line, f - adder
Aim: an adder You shoot a bolt.
The bolt completely misses the adder.
The adder misses you. The adder barely misses you.
Firing (i - inventory. (/) - cycle)
d - a bolt (quivered)
Press: ? - help, Shift-Dir - straight line, f/p - adder
Aim: an adder You shoot a bolt.
The bolt hits the adder.
The adder is heavily wounded.
The adder bites you.
* * * LOW HITPOINT WARNING * * *
The adder bites you.
You die...

.........#####
...........#.
........^...
$..........#
..........(#
...........#
........S..#
.......@..#
.........##
###.#..#.# ..
#.. .. . ##.
... .. #.#. ##
.... ###..


You could see an adder.

Vanquished Creatures
  A hound (D:3)
  2 adders (D:2)
  An ooze (D:1)
  A dart slug (D:2)
  6 bats (D:2)
  3 goblins
  6 jackals
  3 frilled lizards
  4 kobolds
  3 rats
30 creatures vanquished.

Notes
Turn   | Place    | Note
-------+----------+-------------------------------------------
     0 | D:1      | datjocko the Kobold Arcane Marksman began the quest for the
                  | Orb.
     0 | D:1      | Reached XP level 1. HP: 12/12 MP: 2/2
   115 | D:1      | Reached XP level 2. HP: 16/16 MP: 3/3
  1147 | D:2      | Found a faded altar of an unknown god.
  1160 | D:2      | Reached skill level 3 in Crossbows
  1163 | D:2      | Reached XP level 3. HP: 20/20 MP: 1/4
  1342 | D:2      | Reached XP level 4. HP: 9/25 MP: 5/5
  2055 | D:3      | Reached skill level 4 in Crossbows
  2070 | D:4      | Slain by an adder

Skill      XL: |  1  2  3  4 |
---------------+-------------+-----
Crossbows      | 3 4 |  4.3
Fighting       | |  1.1
Dodging        | |  2.6
Stealth        | |  0.9
Spellcasting   | |  1.1
Hexes          | |  3.8

Action                   |  1- 3 |  4- 6 || total
-------------------------+-------+-------++-------
 Fire: Hand crossbow     |    65 |    16 ||    81
Throw: Stone             |     2 |    14 ||    16
 Cast: Corona            |     4 |     3 ||     7
  Use: Scroll            |       |    10 ||    10
  Eat: Chunk             |     6 |     1 ||     7
Armor: Robe              |    11 |     3 ||    14
Dodge: Dodged            |    41 |    37 ||    78
